 Dungeon Crawl Stone Soup version 0.30.1-11-g7821555f0a (webtiles) character file.

Game seed: 6836855168877739408

23499 Dillybarz the Severer (level 12, -2/110 HPs)
             Began as a Minotaur Fighter on Nov 16, 2023.
             Was a High Priest of Okawaru.
             Succumbed to a black mamba's poison
             ... on level 2 of the Lair of Beasts.
             The game lasted 00:38:13 (12949 turns).

Dillybarz the Severer (Minotaur Fighter)           Turns: 12949, Time: 00:38:13

Health: -2/110     AC: 38    Str: 25    XL:     12   Next: 72%
Magic:  2/14       EV:  9    Int:  7    God:    Okawaru [*****.]
Gold:   1694       SH: 13    Dex: 11    Spells: 11/11 levels left

rFire   . . .        b - +3 broad axe (protect)
rCold   . . .        q - +0 kite shield
rNeg    . . .        H - +0 plate armour
rPois   .            L - +3 crown of Dyrovepreva {rElec Int+2 SInv}
rElec   +            x - +2 cloak
rCorr   .            l - +1 pair of gloves
SInv    +            (no boots)
Will    .....        g - amulet of guardian spirit Stlth
                     I - +4 ring of protection
HPRegen 0.38/turn    k - +4 ring of slaying
MPRegen 0.14/turn

%: guardian spirit
@: lethally poisoned (-2 -> -13), heroic, under a protective aura
A: horns 2, retaliatory headbutt
a: Renounce Religion, Heroism, Finesse, Duel


You were on level 2 of the Lair of Beasts.
You worshipped Okawaru.
Okawaru was extremely pleased with you.
You visited 3 branches of the dungeon, and saw 13 of its levels.
You visited the Abyss 1 time.
You also visited: Volcano.

You collected 1694 gold pieces.

Inventory:

Hand Weapons
 a - a +0 war axe
 b - a +3 broad axe of protection (weapon)
Missiles
 c - 7 atropa-tipped darts
 e - 2 boomerangs of dispersal
 r - 11 boomerangs
 w - a curare-tipped dart
 y - 50 poisoned darts (quivered)
 D - a throwing net
 M - 5 silver javelins
Armour
 l - a +1 pair of gloves (worn)
 q - a +0 kite shield (worn)
 x - a +2 cloak (worn)
 H - a +0 plate armour (worn)
 L - the +3 crown of Dyrovepreva (worn) {rElec Int+2 SInv}
   (You acquired it on level 1 of the Lair of Beasts)

   Int:       It affects your intelligence (+2).
   rElec:     It insulates you from electricity.
   SInv:      It lets you see invisible.
Jewellery
 f - a ring of poison resistance
 g - an amulet of guardian spirit (around neck)
 j - a ring of the Octopus King {rCorr HP+2 AC+2 EV+2 SH+2}
   (You found it on level 2 of the Lair of Beasts)

   [ring of resist corrosion]

   AC:        It affects your AC (+2).
   EV:        It affects your evasion (+2).
   HP:        It affects your health (+2).
   rCorr:     It protects you from acid and corrosion.
   SH:        It affects your SH (+2).
 k - a +4 ring of slaying (right hand)
 I - a +4 ring of protection (left hand)
 N - a ring of ice
Wands
 u - a wand of iceblast (5)
 z - a wand of charming (7)
 C - a wand of digging (4)
 E - a wand of mindburst (20)
 G - a wand of polymorph (6)
 J - a wand of acid (5)
Scrolls
 o - 5 scrolls of teleportation
 B - 3 scrolls of fog
 K - a scroll of identify
Potions
 d - 2 potions of might
 h - a potion of brilliance
 i - 3 potions of attraction
 m - 2 potions of flight
 n - 6 potions of curing
 p - 3 potions of invisibility
 s - a potion of magic
 t - a potion of mutation
 v - 2 potions of heal wounds
 A - 2 potions of haste
 F - a potion of lignification


   Skills:
 + Level 11.5(16.5) Fighting
 * Level 15.5(20.5) Axes
 - Level 5.0(10.0) Throwing
 + Level 11.5(16.5) Armour
 + Level 11.5(16.5) Shields
 + Level 4.7 Invocations


You had 11 spell levels left.
You didn't know any spells.
Your spell library contained the following spells:

 Spells                   Type           Power      Damage    Failure   Level
 Cigotuvi's Dreadful Rot  Necr/Pois/Air  0%         N/A       100%        2
 Ignite Poison            Fire/Tmut/Pois 0%         N/A       100%        3
 Freezing Cloud           Conj/Ice/Air   0%         6-21      100%        5


Dungeon Overview and Level Annotations

Branches:
Dungeon (10/15)            Temple (1/1) D:4            Lair (2/5) D:8
    Orc (0/2) D:10        Volcano (visited)
  Swamp: Lair:2-3    Shoals: Lair:2-3     Snake: Lair:2-3    Spider: Lair:2-3

Altars:
Ashenzari
Cheibriados
Dithmenos
Elyvilon
Fedhas
Gozag
Hepliaklqana
Kikubaaqudgha
Makhleb
Nemelex Xobeh
Okawaru
Qazlal
Ru
Sif Muna
Trog
Uskayaw
Vehumet
Wu Jian
Xom
Yredelemnul
Zin
The Shining One

Shops:
D:4 :::(


Innate Abilities, Weirdness & Mutations

You have a pair of horns on your head.
You reflexively headbutt those who attack you in melee.


Message History

* * * LOW HITPOINT WARNING * * *
The 15-headed hydra bites you but does no damage.
The 15-headed hydra closely misses you.
The 15-headed hydra bites you but does no damage.
You block the 15-headed hydra's attack.
The 15-headed hydra bites you but does no damage.
The 15-headed hydra barely misses you.
As you read the scroll of teleportation, it crumbles to dust.
You feel strangely unstable.
* * * LOW HITPOINT WARNING * * *
You feel very sick.
The black mamba bites you but does no damage.
The 15-headed hydra bites you but does no damage.
You block the 15-headed hydra's attack.
The 15-headed hydra bites you but does no damage.
You block the 15-headed hydra's attack. x2
The 15-headed hydra bites you but does no damage.
You block the 15-headed hydra's attack.
The 15-headed hydra bites you but does no damage. x4
You block the 15-headed hydra's attack.
The 15-headed hydra bites you but does no damage. x3
The black mamba bites you but does no damage.
The 15-headed hydra attacks as you move away!
The 15-headed hydra bites you but does no damage. x2
You block the 15-headed hydra's attack. The 15-headed hydra closely misses you.
The 15-headed hydra bites you but does no damage.
You block the 15-headed hydra's attack.
The 15-headed hydra bites you but does no damage.
The 15-headed hydra barely misses you.
The 15-headed hydra bites you but does no damage. x2
You block the 15-headed hydra's attack. The 15-headed hydra barely misses you.
The 15-headed hydra bites you but does no damage.
You block the 15-headed hydra's attack. x2
* * * LOW HITPOINT WARNING * * *
You feel very sick.
The black mamba attacks as you move away!
The black mamba bites you but does no damage.
Your surroundings suddenly seem different.
Found a scroll of teleportation and 6 gold pieces.
You die...

P.##########
#....#......
............
#............
#....#....##.#
##$...P##...#### ##
?...............
#.#...########.####
#@...#♣..♣♣ ♣.♣..♣
#....##♣♣..♣♣♣.♣♣..
###
#.P.###.♣♣..♣♣.♣♣♣.
#.#####..##
#♣.♣♣†.♣.♣♣♣♣
#..#P###..
♣♣......†...
###..#######
#####♣.♣###
##..#.....#♣♣
#.....#♣
#...#.♣♣♣.#♣.♣♣
#.♣♣♣.#♣
#...#.....# ♣.♣♣#.♣
♣.#.


There were no monsters in sight!

Vanquished Creatures
  3 hydras (Lair:2)
  A catoblepas (Lair:2)
  A centaur warrior (Volcano)
  A two-headed ogre (D:10)
  A hell knight (Volcano)
  3 bog bodies (Lair:2)
  Pikel (D:6)
  A smoke demon (Abyss:3)
  2 molten gargoyles (Volcano)
  8 cane toads
  Maggie (D:8)
  4 komodo dragons
  3 yaktaurs (Volcano)
  A rime drake (Lair:2)
  A polar bear (Lair:2)
  A dream sheep (Lair:2)
  Sigmund (D:4)
  2 wyverns
  34 yaks
  7 fire bats (Volcano)
  A wraith (D:10)
  A steam dragon (D:9)
  A swamp worm (Lair:2)
  2 acid dragons
  3 water moccasins
  2 sky beasts
  4 black bears
  2 ogres
  4 centaurs
  2 lemures (D:6)
  5 kobold brigands
  3 phantoms
  11 bullfrogs
  Blork the orc (D:5)
  A gnoll sergeant (D:6)
  A scorpion (D:6)
  5 wights (D:9)
  7 killer bees
  3 howler monkeys
  4 electric eels
  6 lava snakes
  A lava snake (shapeshifter) (Volcano)
  2 jellies
  6 orc priests
  3 hounds
  Natasha (D:2)
  3 iguanas
  5 orc wizards
  8 gnolls
  15 adders
  A shadow imp (D:7)
  A white imp (D:6)
  An ufetubus (D:5)
  2 worms
  A dart slug (D:4)
  43 orcs
  6 bats
  7 endoplasms
  2 giant cockroaches (D:2)
  4 hobgoblins
  3 quokkas
  3 ball pythons
  3 frilled lizards
  11 goblins
  27 kobolds
  5 rats (D:1)
310 creatures vanquished.

Notes
Turn   | Place    | Note
-------+----------+-------------------------------------------
     0 | D:1      | Dillybarz the Minotaur Fighter began the quest for the Orb.
     0 | D:1      | Reached XP level 1. HP: 19/19 MP: 0/0
   393 | D:1      | Reached XP level 2. HP: 27/27 MP: 1/1
   442 | D:1      | Found a faded altar of an unknown god.
   459 | D:1      | Found a faded altar of an unknown god.
   600 | D:1      | Reached skill level 3 in Axes
  1057 | D:2      | Identified the +2 quarterstaff "Qotev" {heavy, rN+ Str-2
                  | Int+3}
  1066 | D:2      | Reached XP level 3. HP: 33/33 MP: 2/2
  1336 | D:2      | Noticed Natasha
  1340 | D:2      | Killed Natasha
  1341 | D:2      | Reached XP level 4. HP: 37/40 MP: 3/3
  1373 | D:2      | Reached skill level 4 in Axes
  2055 | D:3      | Reached XP level 5. HP: 44/47 MP: 4/4
  2513 | D:4      | Identified a scroll of acquirement
  2513 | D:4      | Acquired a +1 broad axe of freezing
  2550 | D:4      | Found a staircase to the Ecumenical Temple.
  2572 | D:4      | Found Uduhil's Book Shoppe.
  2579 | Temple   | Entered the Ecumenical Temple
  2764 | D:4      | Noticed an ogre
  2768 | D:4      | Reached skill level 5 in Axes
  2770 | D:4      | Killed an ogre
  2771 | D:4      | Reached skill level 5 in Armour
  2771 | D:4      | Reached skill level 5 in Shields
  2771 | D:4      | Reached XP level 6. HP: 29/55 MP: 5/5
  3007 | D:4      | Found Xosupp's Book Boutique.
  3070 | D:4      | Found Liorch's Book Shoppe.
  3158 | D:4      | Noticed Sigmund
  3163 | Abyss:1  | Cast into level 1 of the Abyss (Sigmund)
  3211 | Abyss:1  | Found a shimmering blue altar of Sif Muna.
  3221 | Abyss:1  | Noticed a ynoxinul
  3259 | Abyss:2  | Noticed an orange demon
  3296 | Abyss:2  | Found a corrupted altar of Lugonu.
  3301 | Abyss:3  | Noticed a smoke demon
  3302 | Abyss:3  | Found a corrupted altar of Lugonu.
  3318 | Abyss:3  | Killed a smoke demon
  3319 | Abyss:3  | Reached skill level 5 in Fighting
  3319 | Abyss:3  | Reached skill level 6 in Axes
  3319 | Abyss:3  | Reached XP level 7. HP: 19/61 MP: 3/6
  3321 | D:4      | Escaped the Abyss
  3486 | D:4      | Killed Sigmund
  3487 | D:4      | Reached skill level 7 in Axes
  3829 | D:4      | Found Hyng's Weapon Boutique.
  3917 | D:4      | Found a glowing golden altar of the Shining One.
  4376 | D:5      | Entered Level 5 of the Dungeon
  4540 | D:5      | Reached XP level 8. HP: 70/70 MP: 7/7
  4709 | D:5      | Found a hazy altar of Hepliaklqana.
  5014 | D:5      | Reached skill level 8 in Axes
  5336 | D:5      | Noticed Blork the orc
  5338 | D:5      | Killed Blork the orc
  5503 | D:6      | Noticed Pikel
  5514 | D:6      | Killed Pikel
  5515 | D:6      | Reached skill level 9 in Axes
  5693 | D:6      | Reached XP level 9. HP: 73/79 MP: 8/8
  5878 | D:6      | Reached skill level 10 in Axes
  6608 | D:7      | Found a white marble altar of Elyvilon.
  6617 | D:7      | Reached skill level 11 in Axes
  6708 | D:7      | Found a shimmering altar of Xom.
  6798 | D:7      | Reached XP level 10. HP: 90/90 MP: 9/9
  7001 | D:7      | Acquired 888 gold pieces
  7104 | D:8      | Noticed Maggie
  7114 | D:8      | Killed Maggie
  7257 | D:8      | Found a staircase to the Lair.
  7661 | D:8      | Reached skill level 12 in Axes
  8255 | D:9      | Reached skill level 1 in Throwing
  8580 | D:9      | Reached XP level 11. HP: 99/99 MP: 10/10
  9010 | D:10     | Entered Level 10 of the Dungeon
  9026 | D:10     | Found an iron altar of Okawaru.
  9034 | D:10     | Became a worshipper of Warmaster Okawaru
  9064 | D:10     | Noticed a two-headed ogre
  9071 | D:10     | Killed a two-headed ogre
  9072 | D:10     | Reached skill level 13 in Axes
  9405 | D:10     | Reached * piety under Okawaru
  9406 | D:10     | Reached skill level 10 in Fighting
  9453 | D:10     | Reached skill level 10 in Shields
  9506 | D:10     | Found a staircase to the Orcish Mines.
  9558 | D:10     | Found a sparkling altar of Nemelex Xobeh.
  9558 | D:10     | Found a hide-covered altar of Uskayaw.
 10107 | Lair:1   | Entered Level 1 of the Lair of Beasts
 10137 | Lair:1   | Reached skill level 10 in Armour
 10142 | Lair:1   | Reached skill level 1 in Invocations
 10196 | Lair:1   | Reached ** piety under Okawaru
 10203 | Lair:1   | Found a dark tunnel.
 10211 | Volcano  | Entered a volcano
 10671 | Volcano  | Found a radiant altar of Vehumet.
 10671 | Volcano  | Noticed a centaur warrior
 10687 | Volcano  | Killed a centaur warrior
 10687 | Volcano  | Reached *** piety under Okawaru
 10688 | Volcano  | Reached skill level 14 in Axes
 10768 | Volcano  | Noticed a hell knight
 10784 | Volcano  | Killed a hell knight
 11364 | Lair:1   | Acquired the +3 crown of Dyrovepreva {rElec Int+2 SInv}
 11364 | Lair:1   | Found the +3 crown of Dyrovepreva {rElec Int+2 SInv}
 11535 | Lair:1   | Reached **** piety under Okawaru
 12066 | Lair:2   | Reached XP level 12. HP: 108/108 MP: 13/13
 12292 | Lair:2   | Received a gift from Okawaru
 12334 | Lair:2   | Noticed a catoblepas
 12347 | Lair:2   | Killed a catoblepas
 12364 | Lair:2   | Reached ***** piety under Okawaru
 12373 | Lair:2   | Identified the +1 robe "Dibiyghe" {rF+ rC+ Dex+3}
 12393 | Lair:2   | Reached skill level 5 in Throwing
 12414 | Lair:2   | Reached skill level 15 in Axes
 12643 | Lair:2   | Found the ring of the Octopus King
 12647 | Lair:2   | Identified a ring of the Octopus King {rCorr HP+2 AC+2 EV+2
                  | SH+2}
 12697 | Lair:2   | Identified the +8 war axe of Fixation {heavy, Int+3}
                  | (Okawaru gifted it to you on level 2 of the Lair of Beasts)
 12697 | Lair:2   | Received a gift from Okawaru
 12784 | Lair:2   | Noticed a four-headed hydra
 12790 | Lair:2   | Killed an eight-headed hydra
 12800 | Lair:2   | Noticed a five-headed hydra
 12810 | Lair:2   | Killed a 14-headed hydra
 12934 | Lair:2   | Noticed a boulder beetle
 12935 | Lair:2   | Noticed a five-headed hydra
 12935 | Lair:2   | Noticed a seven-headed hydra
 12942 | Lair:2   | Killed an 11-headed hydra
 12947 | Lair:2   | HP: 3/110 [poisoned by a black mamba]
 12948 | Lair:2   | HP: 1/110 [poisoned by a black mamba]
 12949 | Lair:2   | Succumbed to a black mamba's poison

Illustrated notes

Levels and vault maps discovered:
D:1:      minmay_arrival_widening_spiral_narrow, layout_loops_cross,
          hellmonk_ecumenical_altar_the_god_not_taken
D:2:      layout_loops_ring, uniq_natasha
D:3:      layout_basic
D:4:      layout_basic, nicolae_tso_swordbearing_angel,
          minmay_temple_entry_trees, serial_shops,
          nicolae_shop_bloodbath_and_beyond, shop, shop, shop, hex_medium,
          uniq_sigmund
D:5:      layout_loops_corners, nicolae_hepliaklqana_hippocampus,
          uniq_blork_the_orc
D:6:      layout_basic, uniq_pikel
D:7:      layout_basic, xom_butterflies, elyvilon_altar_5, serial_glass,
          glass_columns_a, glass_columns_b
D:8:      layout_loops_ring, lair_entry_dummy, kennysheep_boxes, uniq_maggie
D:9:      layout_basic, grunt_ministairs_13, minmay_crystal_room,
          minmay_misc_feat_encased
D:10:     nicolae_moon_pools, layout_long_grid, kennysheep_okawaru_gauntlet,
          nicolae_overflow_two_pavilions, kennysheep_nub
Temple:   nicolae_temple_superstar
Lair:1:   layout_chaotic_city, enter_volcano_1, serial_bayou_shore_a
Lair:2:   nzn_winding_woodlands_stair_cross
          [nzn_winding_woodlands_5x15_river_crossing,
          nzn_winding_woodlands_center_diamonds,
          nzn_winding_woodlands_5x15_jagged,
          nzn_winding_woodlands_5x5_open_star,
          nzn_winding_woodlands_5x5_perimeter,
          nzn_winding_woodlands_5x15_crooked,
          nzn_winding_woodlands_center_lodge,
          nzn_winding_woodlands_5x15_pockets], layout_concentric_octagons,
          nicolae_swamp_entry_splash_gauntlet, beast_lair_carwin_2,
          infiniplex_staircase_pool

Skill      XL: |  1  2  3  4  5  6  7  8  9 10 11 12 |
---------------+-------------------------------------+-----
Axes           | 3 4 5 6 7 9 11 12 14 15 | 15.5
Fighting       | 4 5 6 7 8 9 10 11 | 11.5
Shields        | 4 5 6 7 8 9 10 11 | 11.5
Armour         | 4 5 6 7 8 9 10 11 | 11.5
Throwing       | 2 4 5 |  5.0
Invocations    | 3 4 |  4.7

Action                     |  1- 3 |  4- 6 |  7- 9 | 10-12 || total
---------------------------+-------+-------+-------+-------++-------
  Melee: War axe           |    50 |   114 |   173 |       ||   337
         Headbutt          |     6 |    16 |    36 |    91 ||   149
         Broad axe         |       |       |    31 |   394 ||   425
  Throw: Boomerang         |       |     3 |       |     2 ||     5
         Dart              |       |       |       |     5 ||     5
 Invoke: Heroism           |       |       |       |     3 ||     3
    Use: Scroll            |       |    10 |     6 |    15 ||    31
         Potion            |       |       |       |     1 ||     1
   Stab: Petrified         |       |       |       |     5 ||     5
         Paralysed         |       |       |       |     3 ||     3
         Petrifying        |       |       |       |     1 ||     1
 Armour: Scale mail        |     9 |       |       |       ||     9
         Chain mail        |    12 |    60 |   134 |     4 ||   210
         Plate armour      |       |       |       |   314 ||   314
  Dodge: Dodged            |    14 |    46 |    63 |   120 ||   243
  Block: Buckler           |     9 |    21 |    49 |       ||    79
         Kite shield       |       |       |    16 |   294 ||   310
